 Dungeon Crawl Stone Soup version 0.28.0-53-g5a82cb258f (webtiles) character file.

Game seed: 14377140223669198787

7 eooof the Conjurer (level 1, 0/11 (14) HPs)
             Began as a Draconian Conjurer on June 29, 2022.
             Slain by a hobgoblin (4 damage)
             ... on level 1 of the Dungeon.
             The game lasted 00:01:05 (264 turns).

eooof the Conjurer (Draconian Conjurer)              Turns: 264, Time: 00:01:06

HP:   0/11 (14)     AC:  4    Str:  9    XL:     1   Next: 91%
MP:   3/3           EV: 12    Int: 18    God:
Gold: 0             SH:  0    Dex:  9    Spells: 3/4 levels left

rFire   . . .      SeeInvis .   d - +0 dagger (drain)
rCold   . . .      Faith    .   (no shield)
rNeg    . . .      Spirit   .   (armour unavailable)
rPois   .          Reflect  .   (helmet restricted)
rElec   .          Harm     .   (no cloak)
rCorr   .          Rampage  .   (no gloves)
Will    .....                   (no boots)
Stlth   ++........              (no amulet)
HPRegen 0.03/turn               (no ring)
MPRegen 0.08/turn               (no ring)

@: heavily drained
A: AC +4, unfitting armour, cold-blooded
a: no special abilities


You were on level 1 of the Dungeon.
You visited 1 branch of the dungeon, and saw 1 of its levels.

Inventory:

Hand Weapons
 d - a +0 dagger of draining (weapon)
Armour
 a - a +0 scale mail of willpower
Scrolls
 b - a scroll of enchant weapon {unknown}
 c - a scroll of identify {unknown}
 e - a scroll of teleportation {unknown}


   Skills:
 + Level 2.0 Dodging
 + Level 2.0 Stealth
 + Level 2.1 Spellcasting
 + Level 4.1 Conjurations


You had 3 spell levels left.
You knew the following spells:

 Your Spells              Type           Power      Damage    Failure   Level
a - Magic Dart            Conj           64%        1d6       3%          1

Your spell library contained the following spells:

 Spells                   Type           Power      Damage    Failure   Level
 Searing Ray              Conj           32%        2d5       4%          2
 Dazzling Flash           Conj/Hex       18%        N/A       22%         3
 Fulminant Prism          Conj/Hex       4%         3d6       58%         4
 Hailstorm                Conj/Ice       9%         3d4       58%         4
 Iskenderun's Mystic Bla  Conj/Tloc      9%         2d4       58%         4
 Ice Form                 Ice/Tmut       1%         N/A       87%         4
 Simulacrum               Ice/Necr       0%         N/A       100%        6


Dungeon Overview and Level Annotations

Branches:
Dungeon (1/15)

Altars:


Innate Abilities, Weirdness & Mutations

Your plain brown scales are hard. (AC +4)
You cannot fit into any form of body armour.
You are cold-blooded and may be slowed by cold attacks.


Message History

You hit the hobgoblin.
The hobgoblin is heavily wounded.
The hobgoblin hits you but does no damage.
You hit the hobgoblin but do no damage. You tail-slap the hobgoblin.
You kill the hobgoblin!
Your Stealth skill increases to level 2!
c - a scroll labelled ZAF VASTEU
Items here: )) ††.
d - a +0 dagger of draining You sense an unholy aura.
d - a +0 dagger of draining (weapon)
e - a scroll labelled NAPSOI QO BIA You start resting.
A ball python comes into view.
The ball python bites you but does no damage.
The ball python closely misses you. The ball python barely misses you.
The ball python grabs you. The ball python constricts you.
You hit the ball python.
The ball python is severely wounded.
The ball python barely misses you. The ball python constricts you.
You completely miss the ball python.
The ball python is severely wounded.
The ball python bites you. The ball python constricts you.
You hit the ball python.
You kill the ball python!
Your Dodging skill increases to level 2!
An endoplasm comes into view.
The hobgoblin shouts!
The endoplasm quivers.
A bat comes into view.
A goblin comes into view. It is wielding a +0 club.
A bat comes into view.
The goblin shouts!
A bat comes into view.
The hobgoblin hits you. The endoplasm misses you.
The endoplasm barely misses you.
You hit the endoplasm but do no damage. You drain the endoplasm.
The endoplasm is heavily wounded.
The hobgoblin hits you.
You die...

###### ########## #.....
.........## #.....
..........## #.....
....b......# #....(
...........# #.....
........J..#########.....
....g..g@................
...........#########....(
...b.......# #.#.##
.........#..# #.#.#
...########.# #.#.# ..
... ..#.. . ###. .##.. .
#..


You could see an endoplasm (drained), a hobgoblin, a goblin and 2 bats.

Vanquished Creatures
  A dart slug (D:1)
  2 goblins (D:1)
  A hobgoblin (D:1)
  A ball python (D:1)
5 creatures vanquished.

Vanquished Creatures (others)
  3 plants (D:1)
3 creatures vanquished.

Grand Total: 8 creatures vanquished

Notes
Turn   | Place    | Note
-------+----------+-------------------------------------------
     0 | D:1      | eooof the Draconian Conjurer began the quest for the Orb.
     0 | D:1      | Reached XP level 1. HP: 14/14 MP: 3/3
   264 | D:1      | Slain by a hobgoblin

Illustrated notes

Levels and vault maps discovered:
D:1:      lightli_arrival_flooded_house, layout_rooms

Skill      XL: |  1 |
---------------+----+-----
Stealth        | 2 |  2.0
Dodging        | 2 |  2.0
Spellcasting   | |  2.1
Conjurations   | |  4.1

Action                   || total
-------------------------++-------
Melee: Unarmed           ||    40
       Tailslap          ||     7
       Dagger            ||     4
 Cast: Magic Dart        ||     5
Armor: Skin              ||     8
Dodge: Dodged            ||    21
